| TOP OF THE 1ST |
|
Augusta GreenJackets batting - Pitching for Atlanta (MID) Braves : LHP Brian Gregory
|
|
Pitching: LHP Brian Gregory
|
|
|
Batting: RHB Jonathan Reece
|
0-0: Ball 1-0: Called Strike 1-1: Ball 2-1: Foul Ball, location: 2F 2-2: Foul Ball, location: 2F 2-2: Ball 3-2: Foul Ball, location: 2F 3-2: Strikes out swinging
|
|
Batting: SHB David Barona
|
0-0: Fly out, F4 (Flyball, 4MD, EV 92.5 MPH)
|
|
Batting: LHB Tony Galvan
|
0-0: Called Strike 0-1: Ball 1-1: Ball 2-1: Called Strike 2-2: Ground out 6-3 (Groundball, 4M, EV 83.8 MPH)
|
| Top of the 1st over - 0 runs, 0 hits, 0 errors, 0 left on base; Augusta 0 - Atlanta (MID) 0 |
| BOTTOM OF THE 1ST |
|
Atlanta (MID) Braves batting - Pitching for Augusta GreenJackets : LHP Mike del Rio
|
|
Pitching: LHP Mike del Rio
|
|
|
Batting: RHB Hisayuki Akiyama
|
0-0: Ball 1-0: Foul Ball, location: 2F 1-1: Ball 2-1: Foul Ball, location: 2F 2-2: Ground out 6-3 (Groundball, 6, EV 86.9 MPH)
|
|
Batting: RHB Joe Young
|
0-0: Called Strike 0-1: Ball 1-1: Swinging Strike 1-2: Ball 2-2: Strikes out swinging
|
|
Batting: LHB Erik Gretzky
|
0-0: Called Strike 0-1: SINGLE (Flyball, 9S, EV 86.9 MPH)
|
|
Batting: RHB Jose Ramos
|
0-0: Called Strike Erik Gretzky steals 2nd base 0-1: Ground out 6-3 (Groundball, 6, EV 80.0 MPH)
|
| Bottom of the 1st over - 0 runs, 1 hit, 0 errors, 1 left on base; Augusta 0 - Atlanta (MID) 0 |
| TOP OF THE 2ND |
|
Augusta GreenJackets batting - Pitching for Atlanta (MID) Braves : LHP Brian Gregory
|
|
Batting: RHB Adam Solesbee
|
0-0: Swinging Strike 0-1: Foul Ball, location: 2F 0-2: Ball 1-2: SINGLE (Groundball, 6S, EV 68.1 MPH) (infield hit)
|
|
Batting: RHB Justin Baldwin
|
0-0: Called Strike 0-1: Ball 1-1: Swinging Strike 1-2: Strikes out swinging
|
|
Batting: RHB Yutaka Oki
|
0-0: Swinging Strike 0-1: Ball 1-1: Ball 2-1: Swinging Strike 2-2: Ball 3-2: Base on Balls Adam Solesbee to second
|
|
Batting: RHB Devin Lowery
|
0-0: Swinging Strike 0-1: Fly out, F8 (Flyball, 8LXD, EV 105.6 MPH)
|
|
Batting: RHB Mike Jones
|
0-0: Ball 1-0: Called Strike 1-1: Swinging Strike 1-2: Ball 2-2: Strikes out swinging
|
| Top of the 2nd over - 0 runs, 1 hit, 0 errors, 2 left on base; Augusta 0 - Atlanta (MID) 0 |
| BOTTOM OF THE 2ND |
|
Atlanta (MID) Braves batting - Pitching for Augusta GreenJackets : LHP Mike del Rio
|
|
Batting: RHB Josh McCormick
|
0-0: Foul Ball, location: 2F 0-1: Foul Ball, location: 2F 0-2: Fly out, F8 (Flyball, 8RM, EV 85.0 MPH)
|
|
Batting: LHB Ben Goldstein
|
0-0: Foul Ball, location: 2F 0-1: Ground out 5-3 (Groundball, 56, EV 101.9 MPH)
|
|
Batting: RHB Toki Takeuchi
|
0-0: Swinging Strike 0-1: Foul Ball, location: 2F 0-2: Foul Ball, location: 2F 0-2: Ball 1-2: Ball 2-2: Foul Ball, location: 2F 2-2: Fly out, F8 (Flyball, 8RD, EV 103.8 MPH)
|
| Bottom of the 2nd over - 0 runs, 0 hits, 0 errors, 0 left on base; Augusta 0 - Atlanta (MID) 0 |
| TOP OF THE 3RD |
|
Augusta GreenJackets batting - Pitching for Atlanta (MID) Braves : LHP Brian Gregory
|
|
Batting: LHB James Wheaton
|
0-0: Fly out, F8 (Flyball, 8LD, EV 101.9 MPH)
|
|
Batting: RHB Jonathan Reece
|
0-0: Called Strike 0-1: Swinging Strike 0-2: Ball 1-2: Ball 2-2: Strikes out looking
|
|
Batting: SHB David Barona
|
0-0: Called Strike 0-1: Called Strike 0-2: Strikes out swinging
|
| Top of the 3rd over - 0 runs, 0 hits, 0 errors, 0 left on base; Augusta 0 - Atlanta (MID) 0 |
| BOTTOM OF THE 3RD |
|
Atlanta (MID) Braves batting - Pitching for Augusta GreenJackets : LHP Mike del Rio
|
|
Batting: SHB Ian Arlotta
|
0-0: Called Strike 0-1: Ball 1-1: Ball 2-1: Bunt missed! 2-2: Foul Ball, location: 2F 2-2: Ground out U3 (Groundball, 3, EV 83.1 MPH)
|
|
Batting: RHB Mike Shook
|
0-0: Swinging Strike 0-1: DOUBLE (Line Drive, 89M, EV 94.4 MPH)
|
|
Batting: RHB Hisayuki Akiyama
|
0-0: Called Strike 0-1: Called Strike 0-2: Foul Ball, location: 2F 0-2: Ball 1-2: Ball 2-2: Ball 3-2: Strikes out looking
|
|
Batting: RHB Joe Young
|
0-0: Ground out 4-3 (Groundball, 4, EV 103.1 MPH)
|
| Bottom of the 3rd over - 0 runs, 1 hit, 0 errors, 1 left on base; Augusta 0 - Atlanta (MID) 0 |
| TOP OF THE 4TH |
|
Augusta GreenJackets batting - Pitching for Atlanta (MID) Braves : LHP Brian Gregory
|
|
Batting: LHB Tony Galvan
|
0-0: Ball 1-0: Ball 2-0: Foul Ball, location: 2F 2-1: Ball 3-1: Ground out 4-3 (Groundball, 34, EV 83.1 MPH)
|
|
Batting: RHB Adam Solesbee
|
0-0: Foul Ball, location: 2F 0-1: SOLO HOME RUN (Flyball, 89XD, EV 98.1 MPH), Distance : 398 ft
|
|
Batting: RHB Justin Baldwin
|
0-0: Ball 1-0: Ball 2-0: Ground out 5-3 (Groundball, 56S, EV 83.1 MPH)
|
|
Batting: RHB Yutaka Oki
|
0-0: Ball 1-0: Ball 2-0: Foul Ball, location: 2F 2-1: SINGLE (Groundball, 4D, EV 95.6 MPH)
|
|
Batting: RHB Devin Lowery
|
0-0: Ball 1-0: Ball Yutaka Oki is caught stealing 2nd base 2-4
|
| Top of the 4th over - 1 run, 2 hits, 0 errors, 0 left on base; Augusta 1 - Atlanta (MID) 0 |
| BOTTOM OF THE 4TH |
|
Atlanta (MID) Braves batting - Pitching for Augusta GreenJackets : LHP Mike del Rio
|
|
Batting: LHB Erik Gretzky
|
0-0: Called Strike 0-1: Ball 1-1: Ball 2-1: Foul Ball, location: 2F 2-2: Strikes out swinging
|
|
Batting: RHB Jose Ramos
|
0-0: Ball 1-0: Swinging Strike 1-1: Ground out 5-3 (Groundball, 5, EV 102.5 MPH)
|
|
Batting: RHB Josh McCormick
|
0-0: Ball 1-0: Called Strike 1-1: Ball 2-1: Ball 3-1: Reached on error, E6 (Groundball, 56, EV 88.8 MPH)
|
|
Batting: LHB Ben Goldstein
|
0-0: Called Strike 0-1: Swinging Strike 0-2: Ball 1-2: Ball 2-2: Foul Ball, location: 2F 2-2: SINGLE (Groundball, 4MD, EV 98.8 MPH) Josh McCormick to second Runner from 2nd tries for 3rd, OUT! 8-5
|
| Bottom of the 4th over - 0 runs, 1 hit, 1 error, 1 left on base; Augusta 1 - Atlanta (MID) 0 |
| TOP OF THE 5TH |
|
Augusta GreenJackets batting - Pitching for Atlanta (MID) Braves : LHP Brian Gregory
|
|
Batting: RHB Devin Lowery
|
0-0: Ball 1-0: Ball 2-0: Ball 3-0: Called Strike 3-1: Fly out, F7 (Line Drive, 7, EV 85.0 MPH)
|
|
Batting: RHB Mike Jones
|
0-0: Called Strike 0-1: Foul Ball, location: 2F 0-2: SINGLE (Groundball, 56D, EV 110.6 MPH)
|
|
Batting: LHB James Wheaton
|
0-0: Ball 1-0: Fly out, F9 (Flyball, 9LS, EV 95.6 MPH)
|
|
Batting: RHB Jonathan Reece
|
0-0: Ball 1-0: Called Strike 1-1: Foul Ball, location: 2F 1-2: SINGLE (Groundball, 56D, EV 105.0 MPH) Mike Jones to second
|
|
Batting: SHB David Barona
|
0-0: Called Strike 0-1: Fly out, F8 (Flyball, 8LM, EV 83.8 MPH)
|
| Top of the 5th over - 0 runs, 2 hits, 0 errors, 2 left on base; Augusta 1 - Atlanta (MID) 0 |
| BOTTOM OF THE 5TH |
|
Atlanta (MID) Braves batting - Pitching for Augusta GreenJackets : LHP Mike del Rio
|
|
Batting: RHB Toki Takeuchi
|
0-0: Called Strike 0-1: Ground out 6-3 (Groundball, 6, EV 108.1 MPH)
|
|
Batting: SHB Ian Arlotta
|
0-0: Called Strike 0-1: Swinging Strike 0-2: Strikes out looking
|
|
Batting: RHB Mike Shook
|
0-0: Foul Ball, location: 2F 0-1: Swinging Strike 0-2: Strikes out swinging
|
| Bottom of the 5th over - 0 runs, 0 hits, 0 errors, 0 left on base; Augusta 1 - Atlanta (MID) 0 |
| TOP OF THE 6TH |
|
Augusta GreenJackets batting - Pitching for Atlanta (MID) Braves : LHP Brian Gregory
|
|
Batting: LHB Tony Galvan
|
0-0: Ground out 5-3 (Groundball, 56, EV 89.4 MPH)
|
|
Batting: RHB Adam Solesbee
|
0-0: Called Strike 0-1: SINGLE (Line Drive, 78S, EV 104.4 MPH)
|
|
Batting: RHB Justin Baldwin
|
0-0: SINGLE (Line Drive, 6D, EV 94.4 MPH) Adam Solesbee to second
|
|
Batting: RHB Yutaka Oki
|
0-0: Ball 1-0: Fielders Choice at 2nd, 3-6 (Groundball, 34, EV 105.6 MPH) Adam Solesbee to third
|
|
Batting: RHB Devin Lowery
|
0-0: Swinging Strike 0-1: Called Strike 0-2: Strikes out looking
|
| Top of the 6th over - 0 runs, 2 hits, 0 errors, 2 left on base; Augusta 1 - Atlanta (MID) 0 |
| BOTTOM OF THE 6TH |
|
Atlanta (MID) Braves batting - Pitching for Augusta GreenJackets : LHP Mike del Rio
|
|
Batting: RHB Hisayuki Akiyama
|
0-0: Foul Ball, location: 2F 0-1: Ball 1-1: Ball 2-1: Ball 3-1: Ground out 6-3 (Groundball, 6, EV 83.8 MPH)
|
|
Batting: RHB Joe Young
|
0-0: Called Strike 0-1: Ball 1-1: Ball 2-1: Ball 3-1: Ground out 4-3 (Groundball, 4, EV 86.9 MPH)
|
|
Batting: LHB Erik Gretzky
|
0-0: Ball 1-0: Ball 2-0: Foul Ball, location: 2F 2-1: Foul Ball, location: 2F 2-2: Foul Ball, location: 2F 2-2: Fly out, F8 (Flyball, 89D, EV 98.1 MPH)
|
| Bottom of the 6th over - 0 runs, 0 hits, 0 errors, 0 left on base; Augusta 1 - Atlanta (MID) 0 |
| TOP OF THE 7TH |
|
Augusta GreenJackets batting - Pitching for Atlanta (MID) Braves : LHP Brian Gregory
|
|
Batting: RHB Mike Jones
|
0-0: Foul Ball, location: 2F 0-1: Foul Ball, location: 2F 0-2: Ball 1-2: Ball 2-2: Strikes out swinging
|
|
Batting: LHB James Wheaton
|
0-0: Called Strike 0-1: Ball 1-1: Swinging Strike 1-2: Ball 2-2: Ball 3-2: Foul Ball, location: 2F 3-2: Foul Ball, location: 2F 3-2: Strikes out swinging
|
|
Batting: RHB Jonathan Reece
|
0-0: Ball 1-0: Foul Ball, location: 2F 1-1: Foul Ball, location: 2F 1-2: Fly out, F7 (Flyball, 7, EV 88.1 MPH)
|
| Top of the 7th over - 0 runs, 0 hits, 0 errors, 0 left on base; Augusta 1 - Atlanta (MID) 0 |
| BOTTOM OF THE 7TH |
|
Atlanta (MID) Braves batting - Pitching for Augusta GreenJackets : LHP Mike del Rio
|
|
Pitching: RHP Brian Yinger
|
|
|
Batting: RHB Jose Ramos
|
0-0: Called Strike 0-1: Foul Ball, location: 2F 0-2: Foul Ball, location: 2F 0-2: Ball 1-2: SOLO HOME RUN (Flyball, 78XD, EV 101.9 MPH), Distance : 412 ft
|
|
Batting: RHB Josh McCormick
|
0-0: Swinging Strike 0-1: Ball 1-1: Ball 2-1: Ball 3-1: Foul Ball, location: 2F 3-2: Strikes out swinging
|
|
Pitching: LHP Gil Longoria
|
|
|
Batting: LHB Ben Goldstein
|
0-0: Foul Ball, location: 2F 0-1: Swinging Strike 0-2: Fly out, F7 (Line Drive, 78M, EV 105.0 MPH)
|
|
Batting: RHB Toki Takeuchi
|
0-0: Called Strike 0-1: Called Strike 0-2: Foul Ball, location: 2F 0-2: Foul Ball, location: 2F 0-2: Foul Ball, location: 2F 0-2: SINGLE (Groundball, 56, EV 103.1 MPH)
|
|
Batting: SHB Ian Arlotta
|
0-0: Called Strike Toki Takeuchi steals 2nd base 0-1: Ball 1-1: Called Strike 1-2: Strikes out looking
|
| Bottom of the 7th over - 1 run, 2 hits, 0 errors, 1 left on base; Augusta 1 - Atlanta (MID) 1 |
| TOP OF THE 8TH |
|
Augusta GreenJackets batting - Pitching for Atlanta (MID) Braves : LHP Brian Gregory
|
|
Batting: SHB David Barona
|
0-0: SINGLE (Line Drive, 89S, EV 105.6 MPH)
|
|
Batting: LHB Tony Galvan
|
0-0: Called Strike 0-1: Foul Ball, location: 2F 0-2: Strikes out swinging
|
|
Batting: RHB Adam Solesbee
|
0-0: SINGLE (Flyball, 9LS, EV 88.1 MPH) David Barona to second Runner from 2nd tries for 3rd, SAFE, throw by RF made to third
|
|
Batting: RHB Justin Baldwin
|
0-0: Ball 1-0: Grounds into double play, 6-4-3 (Groundball, 6, EV 90.0 MPH)
|
| Top of the 8th over - 0 runs, 2 hits, 0 errors, 1 left on base; Augusta 1 - Atlanta (MID) 1 |
| BOTTOM OF THE 8TH |
|
Atlanta (MID) Braves batting - Pitching for Augusta GreenJackets : LHP Gil Longoria
|
|
Pitching: RHP Nate Heideman
|
|
|
Batting: RHB Mike Shook
|
0-0: Reached on error, E6 (Groundball, 56, EV 80.0 MPH)
|
|
Batting: RHB Hisayuki Akiyama
|
0-0: Called Strike 0-1: Bunt - Flyout to 13S! F1
|
|
Batting: RHB Joe Young
|
0-0: Ball Wild Pitch! Mike Shook to second 1-0: Fly out, F9 (Flyball, 9, EV 92.5 MPH)
|
|
Batting: LHB Erik Gretzky
|
0-0: Called Strike 0-1: Swinging Strike 0-2: Strikes out swinging
|
| Bottom of the 8th over - 0 runs, 0 hits, 1 error, 1 left on base; Augusta 1 - Atlanta (MID) 1 |
| TOP OF THE 9TH |
|
Augusta GreenJackets batting - Pitching for Atlanta (MID) Braves : LHP Brian Gregory
|
|
Pitching: RHP Omar Orosco
|
|
|
Batting: RHB Yutaka Oki
|
0-0: Ball 1-0: Ball 2-0: Ball 3-0: Called Strike 3-1: Ground out 3-1 (Groundball, 13, EV 91.9 MPH)
|
|
Batting: RHB Devin Lowery
|
0-0: Ball 1-0: Called Strike 1-1: Called Strike 1-2: Strikes out swinging
|
|
Batting: RHB Mike Jones
|
0-0: Foul Ball, location: 2F 0-1: Fly out, F7 (Flyball, 7, EV 78.1 MPH)
|
| Top of the 9th over - 0 runs, 0 hits, 0 errors, 0 left on base; Augusta 1 - Atlanta (MID) 1 |
| BOTTOM OF THE 9TH |
|
Atlanta (MID) Braves batting - Pitching for Augusta GreenJackets : RHP Nate Heideman
|
|
Pitching: RHP Nick McDade
|
|
|
Batting: RHB Jose Ramos
|
0-0: Ball 1-0: Ball 2-0: Foul Ball, location: 2F 2-1: SINGLE (Groundball, 56D, EV 101.2 MPH)
|
|
Batting: RHB Josh McCormick
|
0-0: Swinging Strike 0-1: Foul Ball, location: 2F 0-2: Ball 1-2: Ball 2-2: Foul Ball, location: 2F 2-2: Ball 3-2: Foul Ball, location: 2F 3-2: Fly out, F8 (Flyball, 8RM, EV 92.5 MPH)
|
|
Batting: LHB Ben Goldstein
|
0-0: Called Strike Jose Ramos is caught stealing 2nd base 2-6 0-1: Ball 1-1: Ball 2-1: SINGLE (Groundball, 56D, EV 100.0 MPH)
|
|
Batting: RHB Toki Takeuchi
|
0-0: Ball 1-0: Foul Ball, location: 2F 1-1: Swinging Strike 1-2: Ball 2-2: Ball 3-2: Foul Ball, location: 2F 3-2: Strikes out looking
|
| Bottom of the 9th over - 0 runs, 2 hits, 0 errors, 1 left on base; Augusta 1 - Atlanta (MID) 1 |
| TOP OF THE 10TH |
|
Augusta GreenJackets batting - Pitching for Atlanta (MID) Braves : RHP Omar Orosco
|
|
Batting: LHB James Wheaton
|
0-0: Ground out 4-3 (Groundball, 4, EV 98.1 MPH)
|
|
Pinch Hitting: LHB John Whitman
|
0-0: Ball 1-0: Foul Ball, location: 2F 1-1: Swinging Strike 1-2: Foul Ball, location: 2F 1-2: Ball 2-2: Fly out, F1 (Line Drive, P, EV 69.4 MPH)
|
|
Batting: SHB David Barona
|
0-0: Called Strike 0-1: Ball 1-1: Foul Ball, location: 2F 1-2: Ball 2-2: Strikes out swinging
|
| Top of the 10th over - 0 runs, 0 hits, 0 errors, 0 left on base; Augusta 1 - Atlanta (MID) 1 |
| BOTTOM OF THE 10TH |
|
Atlanta (MID) Braves batting - Pitching for Augusta GreenJackets : RHP Nick McDade
|
|
Pitching: LHP Caleb Mullinax
|
|
|
Now in RF: John Whitman
|
|
|
Pinch Hitting: RHB Badr al Din Ridha
|
0-0: Fly out, F9 (Flyball, 9S, EV 81.2 MPH)
|
|
Batting: RHB Mike Shook
|
0-0: Ball 1-0: Ball 2-0: Swinging Strike 2-1: Ball 3-1: Foul Ball, location: 2F 3-2: Strikes out swinging
|
|
Batting: RHB Hisayuki Akiyama
|
0-0: Ball 1-0: Ball 2-0: Foul Ball, location: 2F 2-1: Swinging Strike 2-2: Ground out U3 (Groundball, 34S, EV 91.2 MPH)
|
| Bottom of the 10th over - 0 runs, 0 hits, 0 errors, 0 left on base; Augusta 1 - Atlanta (MID) 1 |
| TOP OF THE 11TH |
|
Augusta GreenJackets batting - Pitching for Atlanta (MID) Braves : RHP Omar Orosco
|
|
Now at 1B: Brandon Burrell
|
|
|
Now at 3B: Jose Ramos
|
|
|
Batting: LHB Tony Galvan
|
0-0: Swinging Strike 0-1: Swinging Strike 0-2: Strikes out looking
|
|
Batting: RHB Adam Solesbee
|
0-0: Called Strike 0-1: Swinging Strike 0-2: Ball 1-2: Ball 2-2: Foul Ball, location: 2F 2-2: Strikes out looking
|
|
Batting: RHB Justin Baldwin
|
0-0: Ball 1-0: Called Strike 1-1: Ball 2-1: Foul Ball, location: 2F 2-2: SINGLE (Line Drive, 9LS, EV 85.0 MPH)
|
|
Batting: RHB Yutaka Oki
|
0-0: Ball 1-0: Ball 2-0: Foul Ball, location: 2F 2-1: 2-RUN HOME RUN (Flyball, 78XD, EV 105.0 MPH), Distance : 399 ft
|
|
Batting: RHB Devin Lowery
|
0-0: Swinging Strike 0-1: Foul Ball, location: 2F 0-2: Ball 1-2: SINGLE (Groundball, 5D, EV 95.0 MPH)
|
|
Batting: RHB Mike Jones
|
0-0: Called Strike Devin Lowery steals 2nd base 0-1: Ground out 6-3 (Groundball, 56, EV 100.0 MPH)
|
| Top of the 11th over - 2 runs, 3 hits, 0 errors, 1 left on base; Augusta 3 - Atlanta (MID) 1 |
| BOTTOM OF THE 11TH |
|
Atlanta (MID) Braves batting - Pitching for Augusta GreenJackets : LHP Caleb Mullinax
|
|
Batting: RHB Joe Young
|
0-0: Called Strike 0-1: Called Strike 0-2: Ball 1-2: Ball 2-2: Ball 3-2: Base on Balls
|
|
Batting: LHB Erik Gretzky
|
0-0: Called Strike 0-1: Ball 1-1: Ball 2-1: Ball 3-1: Swinging Strike 3-2: Foul Ball, location: 2F 3-2: Strikes out swinging Joe Young steals 2nd base Batter strikes out.
|
|
Batting: RHB Jose Ramos
|
0-0: Ball 1-0: Ground out 6-3 (Groundball, 6, EV 83.8 MPH) Joe Young to third
|
|
Batting: RHB Josh McCormick
|
0-0: Called Strike 0-1: Foul Ball, location: 2F 0-2: Foul Ball, location: 2F 0-2: SINGLE (Line Drive, 34D, EV 101.9 MPH) Joe Young scores
|
|
Batting: LHB Ben Goldstein
|
0-0: Called Strike 0-1: Ball 1-1: Ground out 4-3 (Groundball, 34, EV 81.9 MPH)
|
| Bottom of the 11th over - 1 run, 1 hit, 0 errors, 1 left on base; Augusta 3 - Atlanta (MID) 2 |
|